 Dungeon Crawl Stone Soup version 0.30.1-11-g7821555f0a (webtiles) character file.

Game seed: 13599042215330594590

26181 CrazyMind the Destroyer (level 12, -4/81 HPs)
             Began as a Demonspawn Conjurer on Dec 12, 2023.
             Was an Initiate of Gozag.
             Slain by a seven-headed hydra (7 damage)
             ... on level 2 of the Lair of Beasts on Dec 17, 2023.
             The game lasted 01:50:32 (15824 turns).

CrazyMind the Destroyer (Demonspawn Conjurer)      Turns: 15824, Time: 01:50:33

Health: -4/81      AC: 17    Str:  7    XL:     12   Next: 96%
Magic:  8/28       EV: 14    Int: 25    God:    Gozag
Gold:   2444       SH:  4    Dex: 18    Spells: 14/35 levels left

rFire   + . .        P - +2 dagger (drain)
rCold   . . .        (no shield)
rNeg    . . .        U - +3 leather armour {rF+}
rPois   .            v - +1 helmet
rElec   .            Q - +1 cloak {Stlth+}
rCorr   +            n - +0 pair of gloves
SInv    .            N - +0 pair of boots
Will    .....        o - amulet of magic regeneration
Stlth   ++++         w - ring of wizardry
HPRegen 0.33/turn    c - +6 ring of dexterity
MPRegen 0.61/turn

%: wizardry (x1)
@: no status effects
A: claws 2, yellow scales 3, powered by death 1, condensation shield
a: Renounce Religion, Potion Petition, Call Merchant, Bribe Branch


You were on level 2 of the Lair of Beasts.
You worshipped Gozag.
Gozag was most pleased with you.
You visited 3 branches of the dungeon, and saw 14 of its levels.
You also visited: Ossuary.

You collected 3215 gold pieces.
You spent 380 gold pieces at shops.
You paid 391 gold pieces to Gozag.

Inventory:

Hand Weapons
 s - a +0 dagger of flaming
 L - a +3 vampiric dagger
 O - the +6 falchion of the Living Dead {elec, rC+}
   (You found it on level 11 of the Dungeon)

   rC:        It protects you from cold.
 P - a +2 dagger of draining (weapon)
 R - a +1 short sword of venom
 T - a +6 short sword
Missiles
 l - 20 poisoned darts (quivered)
 r - 16 boomerangs
 H - 2 throwing nets
 J - 2 curare-tipped darts
Armour
 n - a +0 pair of gloves (worn)
 v - a +1 helmet (worn)
 N - a +0 pair of boots (worn)
 Q - a +1 cloak of stealth (worn)
 U - a +3 leather armour of fire resistance (worn)
Jewellery
 c - a +6 ring of dexterity (right hand)
 o - an amulet of magic regeneration (around neck)
 w - a ring of wizardry (left hand)
 S - a ring of fire
 Y - a ring of positive energy
Wands
 a - a wand of digging (1)
 d - a wand of acid (22)
 B - a wand of polymorph (12)
 K - a wand of flame (10)
 V - a wand of mindburst (5)
Scrolls
 g - 5 scrolls of vulnerability
 j - a scroll of silence {unknown}
 m - 2 scrolls of summoning
 q - 7 scrolls of fog
 t - 2 scrolls of amnesia
 y - a scroll of teleportation
 G - a scroll of magic mapping {unknown}
 I - 2 scrolls of blinking
 Z - a scroll of acquirement {unknown}
Potions
 b - a potion of magic
 e - 7 potions of curing
 f - 2 potions of flight
 k - 3 potions of berserk rage
 p - 3 potions of ambrosia
 u - 3 potions of mutation
 z - 2 potions of haste
 A - a potion of brilliance
 D - a potion of might {unknown}
 E - a potion of heal wounds {unknown}
 X - 2 potions of cancellation
Miscellaneous
 F - a box of beasts
 W - a phantom mirror


   Skills:
 + Level 3.0 Fighting
 + Level 3.5 Short Blades
 + Level 3.8 Throwing
 + Level 5.1 Armour
 + Level 5.7 Dodging
 + Level 6.5 Stealth
 + Level 2.3 Shields
 * Level 12.0 Spellcasting
 + Level 12.1 Conjurations
 + Level 4.5 Hexes
 + Level 1.8 Translocations
 * Level 1.2 Fire Magic


You had 14 spell levels left.
You knew the following spells:

 Your Spells              Type           Power      Damage    Failure   Level
a - Magic Dart            Conj           100%       1d8       1%          1
b - Searing Ray           Conj           100%       2d8       1%          2
c - Dazzling Flash        Conj/Hex       100%       N/A       1%          3
d - Iskenderun's Mystic   Conj/Tloc      50%        2d11      1%          4
e - Fireball              Conj/Fire      24%        3d11      4%          5
f - Fulminant Prism       Conj/Hex       27%        3d14      1%          4
g - Blink                 Tloc           48%        N/A       1%          2

Your spell library contained the following spells:

 Spells                   Type           Power      Damage    Failure   Level
 Kiss of Death            Conj/Necr      100%       2d13      1%          1
 Ensorcelled Hibernation  Hex/Ice        52%        N/A       1%          2
 Lesser Beckoning         Tloc           48%        N/A       1%          2
 Momentum Strike          Conj/Tloc      100%       3d10      1%          2
 Confusing Touch          Hex            38%        N/A       1%          3
 Iskenderun's Battlesphe  Conj           66%        2d12      1%          5
 Beastly Appendage        Tmut           30%        N/A       2%          1
 Wereblood                Tmut           15%        N/A       3%          2
 Spider Form              Tmut/Pois      15%        N/A       7%          3
 Anguish                  Hex/Necr       13%        N/A       9%          4
 Passage of Golubria      Tloc           24%        N/A       11%         4
 Orb of Destruction       Conj           33%        9d10      13%         7
 Dispel Undead            Necr           15%        3d10      22%         4
 Silence                  Hex/Air        13%        N/A       24%         5
 Conjure Ball Lightning   Conj/Air       22%        3x3d6     26%         6
 Borgnjor's Vile Clutch   Necr/Erth      7%         N/A       50%         5
 Death Channel            Necr           7%         N/A       96%         6
 Lehudib's Crystal Spear  Conj/Erth      22%        10d6      100%        8
 Animate Dead             Necr           Unusable   N/A       N/A         4

Dungeon Overview and Level Annotations

Branches:
Dungeon (11/15) Zot: 24667  Temple (1/1) D:5 Zot: 5877    Lair (2/5) D:11 Zot: 9793
 Spider (0/4) Lair:2          Orc (0/2) D:9         Ossuary (visited)
  Swamp: Lair:2-3    Shoals: Lair:2-3

Altars:
Ashenzari
Cheibriados
Dithmenos
Fedhas
Gozag
Hepliaklqana
Kikubaaqudgha
Makhleb
Nemelex Xobeh
Okawaru
Qazlal
Ru
Sif Muna
Trog
Uskayaw
Vehumet
Wu Jian
Xom
Yredelemnul

Shops:
D:1 *   D:3 *   D:9 [   D:10 *

Annotations:
D:5 1 runed translucent door, bimbombam's ghost, novice MiFi
D:9 2 transporters, bimbombam's ghost, journeyman MiMo
D:11 2 transporters, MrIGI's ghost, journeyman HOBe


Innate Abilities, Weirdness & Mutations

You have very sharp fingernails.
You are completely covered in yellow scales. (AC +4, rCorr)
You regenerate a little health from kills.
A meltable shield of frost defends you. (SH +4)


Message History

The seven-headed hydra bites you! x2; The seven-headed hydra bites you.
The seven-headed hydra bites you!
* * * LOW HITPOINT WARNING * * *
The seven-headed hydra misses you.
The seven-headed hydra barely misses you.
The seven-headed hydra bites you!
* * * LOW HITPOINT WARNING * * *
There is a stone staircase leading up, spattered with blood here.
Casting: Iskenderun's Mystic Blast (mildly dangerous; 1% risk of failure)
Confirm with . or Enter, or press ? or * to list all spells.
You erupt in a blast of force!
The mystic blast hits the seven-headed hydra!
The seven-headed hydra is heavily wounded.
You block the seven-headed hydra's attack.
The seven-headed hydra misses you.
The seven-headed hydra bites you but does no damage. x3
The seven-headed hydra closely misses you.
The seven-headed hydra misses you.
Casting: Iskenderun's Mystic Blast (mildly dangerous; 1% risk of failure)
Confirm with . or Enter, or press ? or * to list all spells.
You erupt in a blast of force!
The mystic blast hits the seven-headed hydra!
The seven-headed hydra is severely wounded.
The seven-headed hydra bites you.
* * * LOW HITPOINT WARNING * * *
The seven-headed hydra bites you.
* * * LOW HITPOINT WARNING * * *
The seven-headed hydra bites you.
* * * LOW HITPOINT WARNING * * *
The seven-headed hydra bites you but does no damage. x2
The seven-headed hydra misses you.
You block the seven-headed hydra's attack.
Casting: Iskenderun's Mystic Blast (mildly dangerous; 1% risk of failure)
Confirm with . or Enter, or press ? or * to list all spells.
You erupt in a blast of force!
The mystic blast hits the seven-headed hydra!
The seven-headed hydra is almost dead.
The seven-headed hydra bites you!
You die...
Your body crumbles into a pile of gold.

#.....###...##.###..
#.....##......#..... .
#.....##........#... ..
#..⌠..##.....#.###..
.⌠. #........⌠...###
#.. ....#.....#.....##
#.. ......$$....$..##
#.# #.....$$$$....##
### #..⌠$$@$.⌠..##.. #
##....$D...## .. ##
##.$.⌠$...## ##.### #.
##.....##..##..#.###.
..#...##.............
...#...#.........#..#.
... .....#..........##.
...#⌠.>.⌠#..........##.
............##..


You could see a seven-headed hydra.

Vanquished Creatures
  A bunyip (shapeshifter) (D:11)
  3 hydras
  A catoblepas (D:10)
  A centaur warrior (D:10)
  2 two-headed ogres
  A tengu warrior (D:11)
  A deep troll (shapeshifter) (D:10)
  An orc knight (D:11)
  Pikel (D:6)
  An ugly thing (D:11)
  2 black mambas (Lair:1)
  5 elephants (Lair:2)
  Maurice (D:8)
  4 cane toads
  A rime drake (Lair:1)
  2 komodo dragons
  A troll (D:11)
  A meliai (D:11)
  2 polar bears
  Prince Ribbit (D:8)
  A jumping spider (Lair:2)
  2 wyverns
  34 yaks
  A basilisk (Lair:1)
  A vampire (D:11)
  Grum (D:9)
  2 vampire mosquitoes
  2 steam dragons
  2 redbacks (Lair:2)
  4 water moccasins
  2 wargs
  Menkaure (D:6)
  3 acid dragons
  A sky beast (D:8)
  An ice beast (D:6)
  3 black bears
  5 orc warriors
  An ogre (D:5)
  7 wolves
  A centaur (D:9)
  2 kobold brigands
  A phantom (D:5)
  3 lemures (D:6)
  5 bullfrogs
  A gnoll sergeant (D:8)
  12 wights
  5 scorpions
  16 killer bees
  2 vampire bats (Lair:1)
  4 howler monkeys
  8 orc priests
  A gnoll bouda (D:6)
  5 hounds
  3 sleepcaps
  Natasha (thrice) (D:4)
  5 iguanas
  13 orc wizards
  7 hell rats (Lair:2)
  9 mummies
  11 gnolls
  8 adders
  4 white imps
  3 ufetubi
  A worm (D:2)
  4 dart slugs
  51 orcs
  3 ball pythons (D:1)
  4 endoplasms
  7 giant cockroaches
  2 gnoll zombies (Ossuary)
  7 hobgoblins
  3 jackals (D:1)
  17 kobolds
  4 quokkas
  11 bats
  5 frilled lizards
  5 goblins
  2 hobgoblin zombies (Ossuary)
  A kobold zombie (Ossuary)
  3 orc zombies (Ossuary)
  4 rats
373 creatures vanquished.

Vanquished Creatures (others)
  A bullfrog (Lair:2)
  120 fulminant prisms
121 creatures vanquished.

Grand Total: 494 creatures vanquished

Notes
Turn   | Place    | Note
-------+----------+-------------------------------------------
     0 | D:1      | CrazyMind the Demonspawn Conjurer began the quest for the
                  | Orb.
     0 | D:1      | Reached XP level 1. HP: 13/13 MP: 3/3
    48 | D:1      | Found Mueblisi's Assorted Antiques.
   208 | D:1      | Gained mutation: You have sharp fingernails. [demonic
                  | ancestry]
   208 | D:1      | Reached XP level 2. HP: 19/19 MP: 5/5
   212 | D:1      | Learned a level 2 spell: Searing Ray
   872 | D:1      | Gained mutation: A meltable shield of frost defends you.
                  | (SH +4) [demonic ancestry]
   872 | D:1      | Reached XP level 3. HP: 19/24 MP: 3/6
  1300 | D:2      | Learned a level 3 spell: Dazzling Flash
  1635 | D:2      | Found an ancient bone altar of Kikubaaqudgha.
  1672 | D:2      | Reached skill level 5 in Conjurations
  1939 | D:2      | Gained mutation: You regenerate a little health from kills.
                  | [demonic ancestry]
  1939 | D:2      | Reached XP level 4. HP: 30/30 MP: 5/8
  2456 | D:3      | Found a bloodstained altar of Trog.
  2485 | D:3      | Found Inlusik's Assorted Antiques.
  3139 | D:4      | Reached XP level 5. HP: 35/35 MP: 3/9
  3692 | D:4      | Reached XP level 6. HP: 42/42 MP: 7/11
  3759 | D:4      | Noticed Natasha
  3764 | D:4      | Killed Natasha
  3773 | D:4      | Noticed Natasha
  3779 | D:4      | Killed Natasha
  3780 | D:4      | Reached skill level 1 in Short Blades
  3904 | D:4      | Noticed Natasha
  3912 | D:4      | Killed Natasha
  4053 | D:5      | Entered Level 5 of the Dungeon
  4270 | D:5      | Gained mutation: You are partially covered in yellow
                  | scales. (AC +2) [demonic ancestry]
  4270 | D:5      | Reached XP level 7. HP: 47/47 MP: 8/12
  4294 | D:5      | Found a staircase to the Ecumenical Temple.
  4347 | Temple   | Entered the Ecumenical Temple
  4366 | Temple   | Became a worshipper of Gozag Ym Sagoz the Greedy
  4537 | D:5      | Found a sand-covered staircase.
  4546 | Ossuary  | Entered an ossuary
  4582 | Ossuary  | Reached skill level 1 in Throwing
  5035 | D:5      | Noticed a wyvern
  5042 | D:5      | Learned a level 4 spell: Iskenderun's Mystic Blast
  5047 | D:5      | Learned a level 4 spell: Fulminant Prism
  5213 | D:5      | Found a runed translucent door.
  5354 | D:6      | Noticed Pikel
  5354 | D:6      | Noticed a steam dragon
  5373 | D:5      | Reached skill level 1 in Fighting
  5426 | D:5      | Killed a wyvern
  5427 | D:5      | Gained mutation: You are mostly covered in yellow scales.
                  | (AC +3) [demonic ancestry]
  5427 | D:5      | Reached XP level 8. HP: 40/54 MP: 11/14
  5523 | D:5      | Identified the +8 long sword of Kija {antimagic, rPois}
  5640 | D:5      | Noticed bimbombam's ghost (novice MiFi)
  5661 | D:6      | Noticed Menkaure
  5666 | D:6      | Killed Menkaure
  6300 | D:6      | Killed Pikel
  6301 | D:6      | Reached skill level 1 in Shields
  6301 | D:6      | Reached skill level 5 in Spellcasting
  6301 | D:6      | Reached skill level 1 in Hexes
  6544 | D:6      | Gained mutation: You are completely covered in yellow
                  | scales. (AC +4, rCorr) [demonic ancestry]
  6544 | D:6      | Reached XP level 9. HP: 59/59 MP: 12/17
  7152 | D:7      | Noticed Joseph
  7161 | D:7      | Joseph changed into Joseph the acid dragon
  7161 | D:7      | Noticed Joseph
  7165 | D:7      | Killed Joseph the acid dragon
  7378 | D:7      | Found a sparkling altar of Nemelex Xobeh.
  7454 | D:7      | Found an iron altar of Okawaru.
  7936 | D:8      | Noticed Maurice
  7948 | D:8      | Killed Maurice
  7952 | D:8      | Gained mutation: You have very sharp fingernails. [demonic
                  | ancestry]
  7952 | D:8      | Reached XP level 10. HP: 61/67 MP: 4/21
  7972 | D:8      | Reached skill level 5 in Stealth
  8034 | D:8      | Noticed a two-headed ogre
  8043 | D:8      | Noticed Prince Ribbit
  8223 | D:8      | Killed Prince Ribbit
  8679 | D:8      | Killed a two-headed ogre
  8680 | D:8      | Reached skill level 10 in Conjurations
  8925 | D:9      | Found a staircase to the Orcish Mines.
  8974 | D:9      | Found Zine Pof's Armour Boutique.
  9051 | D:9      | Bought a +3 leather armour of fire resistance for 240 gold
                  | pieces
  9152 | D:9      | Noticed Grum
  9164 | D:9      | Killed Grum
  9228 | D:9      | Found a burning altar of Makhleb.
  9706 | D:9      | Reached XP level 11. HP: 72/72 MP: 20/24
  9715 | D:9      | Found a transporter.
  9715 | D:9      | Noticed bimbombam's ghost (journeyman MiMo)
  9716 | D:9      | Noticed a death knight
  9721 | D:9      | Found a transporter.
 10142 | D:10     | Entered Level 10 of the Dungeon
 10157 | D:10     | Reached skill level 5 in Dodging
 10163 | D:10     | Reached skill level 1 in Armour
 10216 | D:10     | Noticed a two-headed ogre
 10236 | D:10     | Noticed a catoblepas
 10264 | D:10     | Killed a catoblepas
 10265 | D:10     | Reached skill level 1 in Translocations
 10831 | D:10     | Found Siyplaus's General Store.
 10839 | D:10     | Bought a potion of cancellation for 88 gold pieces
 10951 | D:10     | Killed a two-headed ogre
 11301 | D:11     | Noticed a seven-headed hydra
 11303 | D:11     | Noticed a death drake
 11307 | D:11     | a death drake changed into a deep troll
 11307 | D:11     | Noticed a deep troll (shapeshifter)
 11314 | D:10     | Killed a seven-headed hydra
 11352 | D:10     | Killed a deep troll
 11353 | D:10     | Reached skill level 10 in Spellcasting
 11471 | D:11     | Noticed a tengu warrior
 11498 | D:11     | Killed a tengu warrior
 11499 | D:11     | Noticed a centaur warrior
 11730 | D:10     | Killed a centaur warrior
 11783 | D:11     | Noticed MrIGI's ghost (journeyman HOBe)
 11783 | D:11     | Found a transporter.
 11893 | D:11     | Found a transporter.
 12027 | D:11     | Identified the +6 falchion of the Living Dead {elec, rC+}
 12040 | D:11     | Noticed an orc knight
 12305 | D:1      | Bought a scroll of identify for 52 gold pieces
 12466 | D:11     | Noticed a glowing orange brain
 12525 | D:11     | Noticed a five-headed hydra
 12538 | D:11     | Identified the +4 flail of the Desolation of Salt {pain,
                  | rC+ Will+ Dex+2 Stlth+}
 12831 | D:11     | Killed an orc knight
 12834 | D:11     | Noticed a green ugly thing
 12898 | D:11     | Killed a green ugly thing
 12899 | D:11     | Reached XP level 12. HP: 80/80 MP: 3/26
 12974 | D:11     | Noticed a bunyip
 13171 | D:11     | Killed a five-headed hydra
 13231 | D:11     | Killed a bunyip
 13345 | D:11     | Identified the +1 scimitar "Xanorph" {speed, Str+2}
 13498 | D:11     | Found a staircase to the Lair.
 13610 | Lair:1   | Entered Level 1 of the Lair of Beasts
 14975 | Lair:1   | Reached skill level 5 in Armour
 15160 | Lair:2   | Learned a level 5 spell: Fireball
 15325 | Lair:2   | Noticed a seven-headed hydra
 15458 | Lair:2   | Learned a level 2 spell: Blink
 15468 | Lair:2   | Noticed a four-headed hydra
 15477 | Lair:2   | Killed a four-headed hydra
 15624 | Lair:2   | Reached skill level 1 in Fire Magic
 15632 | Lair:2   | Found a hole to the Spider Nest.
 15823 | Lair:2   | HP: 4/81 [seven-headed hydra (2)]
 15824 | Lair:2   | Slain by a seven-headed hydra

Illustrated notes

Levels and vault maps discovered:
D:1:      erik_arrival_triangle_small, layout_loops_cross, serial_shops,
          nicolae_shop_crystal
D:2:      layout_basic, basic_altar
D:3:      layout_basic, mainiacjoe_overflow_concentric_impassable, serial_shops,
          nicolae_diamond_shop
D:4:      layout_basic, dk_rats_in_the_wall, uniq_natasha
D:5:      layout_basic, minmay_temple_entry_tees, gup_ossuary_entry_pyramid,
          ebering_ghost_sewer_d
D:6:      layout_loops_ring, uniq_menkaure, uniq_pikel
D:7:      layout_rooms, overflow_temple_1_default, overflow_temple_1_default,
          serial_aquarium, aquarium_bridge_long_joined
          [aquarium_subvault_bridge, aquarium_subvault_wall,
          aquarium_subvault_wall, aquarium_subvault_bridge,
          aquarium_subvault_window, aquarium_subvault_wall],
          aquarium_window_corridor_3, aquarium_window_1, aquarium_window_1,
          aquarium_view_4, aquarium_balcony_3b, minmay_misc_feat_encased,
          minmay_misc_feat_cross, uniq_joseph
D:8:      layout_cave_pools, uniq_maurice, uniq_prince_ribbit1
D:9:      layout_stronghold, bloody_makhleb, orc_david_3, gammafunk_ghost_arena,
          nicolae_figureground_sparkle, uniq_grum
D:10:     layout_loops_ring, serial_shops,
          nicolae_shop_temple_entry_statues_fountains
D:11:     minmay_cut_squares, layout_rooms, erik_lair_orcish_takeover,
          gammafunk_ghost_berserking_beasts, nrook_uturn
Temple:   compressed_dpeg_circular_temple
Lair:1:   layout_chaotic_city, roderic_batcave, nicolae_lair_grove_arrangements
Lair:2:   layout_roguey, spider_nest_entry_a, lemuel_old_faithful,
          infiniplex_staircase_pool, grunt_megastairs_3

Skill      XL: |  1  2  3  4  5  6  7  8  9 10 11 12 |
---------------+-------------------------------------+-----
Dodging        | 2 3 4 5 |  5.7
Conjurations   | 5 6 7 9 10 11 12 | 12.1
Stealth        | 2 3 4 5 6 |  6.5
Spellcasting   | 3 4 5 7 9 10 12 | 12.0
Short Blades   | 1 2 3 |  3.5
Throwing       | 1 2 3 |  3.8
Fighting       | 1 2 3 |  3.0
Shields        | 1 2 |  2.3
Hexes          | 1 2 3 4 |  4.5
Armour         | 3 5 |  5.1
Translocations | 1 |  1.8
Fire Magic     | 1 |  1.2

Action                     |  1- 3 |  4- 6 |  7- 9 | 10-12 || total
---------------------------+-------+-------+-------+-------++-------
  Melee: Dagger            |    44 |    20 |    47 |   158 ||   269
         Punch             |     1 |       |       |     1 ||     2
         Unarmed           |     1 |       |       |       ||     1
  Throw: Boomerang         |       |     2 |       |    11 ||    13
         Dart              |       |    10 |    23 |    27 ||    60
   Cast: Magic Dart        |    56 |     8 |    28 |    28 ||   120
         Searing Ray       |     7 |    36 |    81 |    79 ||   203
         Dazzling Flash    |       |       |     8 |    32 ||    40
         Iskenderun's Myst |       |       |     6 |    65 ||    71
         Fulminant Prism   |       |       |    10 |   110 ||   120
         Fireball          |       |       |       |    11 ||    11
 Invoke: Potion Petition   |       |       |       |     1 ||     1
  Evoke: Wand              |       |       |     1 |       ||     1
    Use: Scroll            |       |    11 |     8 |     9 ||    28
         Potion            |       |       |       |     1 ||     1
   Stab: Sleeping          |     5 |     1 |     6 |     4 ||    16
         Invisible         |       |       |     3 |    20 ||    23
         Petrified         |       |       |       |     2 ||     2
         Distracted        |       |       |       |     1 ||     1
 Armour: Robe              |    13 |     9 |    36 |     2 ||    60
         Leather armour    |       |       |       |   156 ||   156
  Dodge: Dodged            |    31 |    41 |    68 |   288 ||   428
  Block: Other             |     3 |     9 |    18 |    67 ||    97
